 Dungeon Crawl Stone Soup version 0.28-a0-440-ge3cd3e9c68 (webtiles) character file.

Game seed: 14166233734204888097

651 wakim the Skirmisher (level 7, -3/63 HPs)
             Began as a Hill Orc Monk on Sept 11, 2021.
             Was a Believer of Beogh.
             Engulfed by a steam dragon's steam (10 damage)
             ... on level 5 of the Dungeon.
             The game lasted 00:17:08 (6038 turns).

wakim the Skirmisher (Hill Orc Monk)                Turns: 6038, Time: 00:17:09

Health: -3/63      AC: 13    Str: 16    XL:     7   Next: 53%
Magic:  8/8        EV:  7    Int: 10    God:    Beogh [**....]
Gold:   314        SH:  0    Dex: 13    Spells: 6/6 levels left

rFire   . . .      SeeInvis .   b - +3 short sword (speed)
rCold   . . .      Faith    +   (no shield)
rNeg    . . .      Spirit   .   n - +0 chain mail
rPois   .          Reflect  .   (no helmet)
rElec   .          Harm     .   j - +0 cloak
rCorr   .          Rampage  .   (no gloves)
Will    .....                   (no boots)
Stlth   ..........              h - amulet of faith
HPRegen 0.20/turn               m - +4 ring of protection
MPRegen 0.11/turn               (no ring)

@: no status effects
A: no striking features
a: Renounce Religion, Smiting


You were on level 5 of the Dungeon.
You worshipped Beogh.
Beogh was pleased with you.
You visited 1 branch of the dungeon, and saw 6 of its levels.

You collected 314 gold pieces.

Inventory:

Hand Weapons
 a - a +0 hand axe
 b - a +3 short sword of speed (weapon)
Missiles
 d - 8 atropa-tipped darts
 i - 8 javelins
 k - 5 poisoned darts (quivered)
 o - 7 boomerangs
Armour
 j - a +0 cloak (worn)
 n - a +0 chain mail (worn)
Jewellery
 h - an amulet of faith (around neck)
 m - a +4 ring of protection (left hand)
Scrolls
 r - a scroll of identify
 T - a scroll of teleportation
 X - a scroll of fog
Potions
 e - a potion of resistance {unknown}
 f - a potion of attraction {unknown}
 g - a potion of invisibility {unknown}
 l - a potion of experience {unknown}
 F - 2 potions of curing
 G - a potion of flight
 J - a potion of heal wounds
 L - a potion of lignification {!q}


   Skills:
 + Level 6.1 Fighting
 * Level 5.2 Short Blades
 - Level 4.7 Axes
 - Level 1.7 Armour
 - Level 2.9 Dodging
 - Level 1.5 Stealth
 + Level 2.4 Invocations


You had 6 spell levels left.
You didn't know any spells.
Your spell library contained the following spells:

 Spells                   Type           Power      Damage    Failure   Level
 Blink                    Tloc           N/A        N/A       100%        2
 Corpse Rot               Necr/Air       N/A        N/A       100%        2
 Dispel Undead            Necr           0%         3d6       100%        4
 Manifold Assault         Tloc           0%         N/A       100%        5
 Death Channel            Necr           0%         N/A       100%        6
 Storm Form               Tmut/Air       0%         N/A       100%        7


Dungeon Overview and Level Annotations

Branches:
Dungeon (6/15)
 Temple: D:4-7

Altars:
Elyvilon
Gozag
Okawaru
Sif Muna
Trog

Annotations:
D:2 Sigmund
D:5 3 runed translucent doors, Armakuni's ghost, novice HuCA


Message History

The steam dragon bites you but does no damage.
The steam dragon claws you.
Throw: 7 darts (poison)
Press: ? - help, Q - select action, (/) - cycle Shift-Dir - straight line, f/p - steam dragon
Aim: a steam dragon (heavily wounded, very poisoned, catching its breath, 59% to hit)
You throw a poisoned dart.
The poisoned dart barely misses the steam dragon.
You are engulfed in a cloud of scalding steam.
The steam dragon completely misses you. The steam dragon claws you.
Throw: 6 darts (poison)
Press: ? - help, Q - select action, (/) - cycle Shift-Dir - straight line, f/p - steam dragon
Aim: a steam dragon (heavily wounded, very poisoned, catching its breath, 57% to hit)
You throw a poisoned dart.
The poisoned dart closely misses the steam dragon.
You are engulfed in a cloud of scalding steam.
* * * LOW HITPOINT WARNING * * *
The steam dragon barely misses you.
The steam dragon claws you but does no damage.
You hit the steam dragon.
The steam dragon is heavily wounded.
You are engulfed in a cloud of scalding steam.
The steam dragon bites you.
* * * LOW HITPOINT WARNING * * *
The steam dragon claws you but does no damage.
You closely miss the steam dragon.
The steam dragon is heavily wounded.
You are engulfed in a cloud of scalding steam.
* * * LOW HITPOINT WARNING * * *
You barely miss the steam dragon.
The steam dragon is heavily wounded.
You are engulfed in a cloud of scalding steam.
The steam dragon bites you but does no damage.
The steam dragon completely misses you.
You closely miss the steam dragon.
The steam dragon is heavily wounded.
The steam dragon breathes steam at you. The ball of steam hits you!
* * * LOW HITPOINT WARNING * * *
You are engulfed in a cloud of scalding steam.
You die...

#### ####..###
####...§...###
##......§##...#
#..###.#@####.# #
#..#?#.#§# #.## #
#..###.#D# #..##########
#......#.#####..........#
#.#.........###########..
#......#(...# ###
###....##...#############
#....##................
######..#..............


You could see a steam dragon (very poisoned, catching breath).

Vanquished Creatures
  A necrophage (D:5)
  The ghost of sn0wgr3 the Skirmisher, a weakling GrFi (D:4)
  A bullfrog skeleton (D:5)
  2 hounds (D:5)
  An orc priest (D:5)
  5 iguanas
  2 orc wizards (D:3)
  A scorpion zombie (D:5)
  11 adders
  An adder skeleton (D:4)
  A worm (D:3)
  3 dart slugs
  14 orcs
  8 ball pythons
  8 endoplasms
  2 giant cockroaches (D:1)
  11 hobgoblins
  5 jackals
  2 quokkas
  6 bats
  3 frilled lizards
  2 goblins
  8 kobolds
  6 rats
105 creatures vanquished.

Vanquished Creatures (others)
  An orc priest (D:5)
  An adder (D:5)
  An orc (D:5)
3 creatures vanquished.

Grand Total: 108 creatures vanquished

Notes
Turn   | Place    | Note
-------+----------+-------------------------------------------
     0 | D:1      | wakim the Hill Orc Monk began the quest for the Orb.
     0 | D:1      | Reached XP level 1. HP: 19/19 MP: 1/1
   196 | D:1      | Reached XP level 2. HP: 18/27 MP: 2/2
   479 | D:1      | Reached skill level 1 in Armour
   581 | D:1      | Found a faded altar of an unknown god.
   612 | D:1      | Reached XP level 3. HP: 32/33 MP: 3/3
   692 | D:1      | Reached skill level 4 in Fighting
  1476 | D:2      | Noticed Sigmund
  1488 | D:2      | Reached XP level 4. HP: 40/40 MP: 4/4
  2227 | D:3      | Reached skill level 1 in Short Blades
  2737 | D:3      | Reached XP level 5. HP: 47/47 MP: 5/5
  3398 | D:4      | Found an iron altar of Okawaru.
  3599 | D:4      | Found a bloodstained altar of Trog.
  3689 | D:4      | Reached skill level 5 in Fighting
  3858 | D:4      | Found a runed translucent door.
  3871 | D:4      | Noticed sn0wgr3's ghost (weakling GrFi)
  4002 | D:4      | Found a shimmering blue altar of Sif Muna.
  4285 | D:5      | Entered Level 5 of the Dungeon
  4298 | D:5      | Reached XP level 6. HP: 46/56 MP: 6/6
  4741 | D:5      | Became a worshipper of Beogh the Brigand
  4741 | D:5      | Reached * piety under Beogh
  4741 | D:5      | Reached ** piety under Beogh
  4743 | D:5      | Found a runed translucent gate.
  4744 | D:5      | Found a runed translucent gate.
  4744 | D:5      | Found an opulent altar of Gozag.
  4745 | D:5      | Found a runed translucent gate.
  4762 | D:5      | Noticed an ice beast
  5022 | D:5      | Noticed a necrophage
  5187 | D:5      | Found a white marble altar of Elyvilon.
  5298 | D:5      | Reached skill level 1 in Invocations
  5298 | D:5      | Reached XP level 7. HP: 46/62 MP: 7/7
  5490 | D:5      | Reached skill level 6 in Fighting
  5605 | D:5      | Noticed a two-headed ogre
  5606 | D:5      | Noticed Armakuni's ghost (novice HuCA)
  5667 | D:4      | Reached skill level 5 in Short Blades
  5680 | D:4      | Killed sn0wgr3's ghost
  6012 | D:6      | Noticed a steam dragon
  6038 | D:5      | Engulfed by a steam dragon's steam

Illustrated notes

Levels and vault maps discovered:
D:1:      heliophobic_arrival_battle_scene, layout_rooms,
          hellmonk_ecumenical_altar_lost_god
D:2:      layout_basic, uniq_sigmund
D:3:      layout_loops_ring
D:4:      layout_loops_ring, mainiacjoe_overflow_alcove_2,
          mainiacjoe_overflow_paths, trog_butcher_becter, ebering_ghost_sewer_d
D:5:      layout_rooms, elyvilon_altar_1, ebering_ghost_gozag, item_on_display_a
D:6:      cheibrodos_fertilizer, layout_rooms, general_overflow_altar,
          mainiacjoe_overflow_concentric_impassable, grunt_ministairs_8,
          uniq_prince_ribbit1

Skill      XL: |  1  2  3  4  5  6  7 |
---------------+----------------------+-----
Armour         | 1 |  1.7
Fighting       | 4 5 6 |  6.1
Short Blades   | 1 3 4 5 |  5.2
Invocations    | 1 2 |  2.4
Axes           | |  4.7
Dodging        | |  2.9
Stealth        | |  1.5

Action                   |  1- 3 |  4- 6 |  7- 9 || total
-------------------------+-------+-------+-------++-------
Melee: Hand axe          |    56 |       |       ||    56
       Short sword       |    69 |   233 |    72 ||   374
Throw: Dart              |       |    11 |     9 ||    20
Invok: Convert to Beogh  |       |     1 |       ||     1
  Use: Scroll            |     5 |     5 |       ||    10
 Stab: Sleeping          |       |     1 |       ||     1
Armor: Robe              |     2 |       |       ||     2
       Ring mail         |    43 |    58 |       ||   101
       Chain mail        |       |     8 |    26 ||    34
Dodge: Dodged            |    77 |    80 |    17 ||   174

Table legend: (Time is in decaauts)
 A = Elapsed time spent in this place.
 B = Non-inter-level travel time spent in this place.
 C = Inter-level travel time spent in this place.
 D = Time resting spent in this place.
 E = Time spent auto-exploring this place.
 F = Levels seen in this place.
 G = Mean time per level.
                   A        B        C        D        E       F      G
               +--------+--------+--------+--------+--------+-----+--------+
         Total |   5918 |   5710 |    208 |    240 |   4519 |   6 |  986.3 |
       Dungeon |   5918 |   5710 |    208 |    240 |   4519 |   6 |  986.3 |
               +--------+--------+--------+--------+--------+-----+--------+

Top non-repeatable levels by time:
     D:5: 1355 daAuts
     D:4: 1247 daAuts
     D:2: 1090 daAuts
     D:3: 1090 daAuts
     D:1: 1048 daAuts
     D:6: 86 daAuts
